 Dungeon Crawl Stone Soup version 0.30-a0-989-g0d87f670db (webtiles) character file.

Game seed: 10400871238899142053

4257 jtron the Cleaver (level 10, -2/76 HPs)
             Began as a Demonspawn Brigand on Apr 3, 2023.
             Was a Believer of Makhleb.
             Blown up by a lich (24 damage)
             ... with a wavering orb of destruction
             ... on level 3 of the Abyss.
             The game lasted 00:17:15 (6133 turns).

jtron the Cleaver (Demonspawn Brigand)              Turns: 6133, Time: 00:17:16

Health: -2/76      AC: 11    Str: 19    XL:     10   Next: 10%
Magic:  10/10      EV: 16    Int: 15    God:    Makhleb [**....]
Gold:   719        SH:  0    Dex: 23    Spells: 9/9 levels left

rFire   . . .      SeeInvis .    a - +10 hand axe of Harmony {spect, *Rage rN+ Will+ Int+2}
rCold   . . .      Faith    .    (no shield)
rNeg    + . .      Spirit   .    K - +4 leather armour of Ohoneso {Harm Regen+ Str+6 Stlth-}
rPois   .          Reflect  .    G - +1 hat
rElec   .          Rampage  .    c - +1 cloak
rCorr   .          Harm     + .  (gloves unavailable)
Will    +....      Rage     20%  x - +0 pair of boots
Stlth   ++                       (no amulet)
HPRegen 1.12/turn                n - +6 ring of dexterity
MPRegen 0.12/turn                (no ring)

@: no status effects
A: claws 3, hooves 1, horns 1, foul stench 1, spiny 2
a: Renounce Religion, Minor Destruction


You were on level 3 of the Abyss.
You worshipped Makhleb.
Makhleb was pleased with you.
You visited 2 branches of the dungeon, and saw 10 of its levels.
You visited the Abyss 1 time.
You also visited: Sewer.

You collected 719 gold pieces.

Inventory:

Hand Weapons
 a - the +10 hand axe of Harmony (weapon) {spect, *Rage rN+ Will+ Int+2}
   (You found it on level 3 of the Dungeon)

   Int:       It affects your intelligence (+2).
   rN:        It protects you from negative energy.
   *Rage:     It berserks you when you make melee attacks (+20% chance).
   Will:      It increases your willpower.
 o - a +4 dagger of flaming
Missiles
 d - 23 poisoned darts (quivered)
 e - 3 curare-tipped darts
 k - 87 stones
Armour
 b - a +0 robe
 c - a +1 cloak (worn)
 x - a +0 pair of boots (worn)
 G - a +1 hat (worn)
 K - the +4 leather armour of Ohoneso (worn) {Harm Regen+ Str+6 Stlth-}
   (You found it on level 8 of the Dungeon)

   Str:       It affects your strength (+6).
   Regen:     It increases your rate of health regeneration.
   Harm:      It increases damage dealt and taken.
   Stlth:     It makes you less stealthy.
 N - the +1 robe "Reicsor" {rPois Int+4 Dex+3}
   (You found it on level 9 of the Dungeon)

   Int:       It affects your intelligence (+4).
   Dex:       It affects your dexterity (+3).
   rPois:     It protects you from poison.
Magical Staves
 j - a staff of fire
 u - a staff of poison
Jewellery
 m - a +6 ring of intelligence
 n - a +6 ring of dexterity (left claw)
 r - an amulet of faith
 O - a ring of resist corrosion
Wands
 D - a wand of flame (7)
 E - a wand of iceblast (1)
Scrolls
 f - 2 scrolls of butterflies
 h - 2 scrolls of fog
 i - 5 scrolls of blinking
 q - 5 scrolls of teleportation
 v - 2 scrolls of brand weapon
 C - 5 scrolls of fear
 L - a scroll of amnesia
 M - a scroll of enchant weapon
Potions
 g - 2 potions of cancellation
 l - 2 potions of mutation
 p - a potion of haste
 s - a potion of flight {unknown}
 t - 2 potions of attraction
 w - a potion of resistance
 z - 2 potions of curing
 A - a potion of heal wounds
 F - 2 potions of might
 H - a potion of lignification
 I - a potion of magic {unknown}
 J - 2 potions of brilliance


   Skills:
 + Level 5.9 Fighting
 - Level 3.1 Short Blades
 + Level 8.7 Axes
 + Level 3.2 Throwing
 + Level 1.2 Armour
 + Level 6.5 Dodging
 - Level 5.2 Stealth
 + Level 0.2 Invocations
 + Level 1.8 Evocations


You had 9 spell levels left.
You didn't know any spells.
Your spell library contained the following spells:

 Spells                   Type           Power      Damage    Failure   Level
 Necrotise                Necr           0%         1d4       32%         1
 Lesser Beckoning         Tloc           0%         N/A       43%         2
 Gell's Gravitas          Tloc           0%         N/A       67%         3
 Teleport Other           Tloc           0%         N/A       67%         3
 Vampiric Draining        Necr           0%         2d6       67%         3
 Agony                    Necr           0%         N/A       100%        5


Dungeon Overview and Level Annotations

Branches:
Dungeon (9/15)             Temple (1/1) D:6            Lair (0/5) D:9
    Orc (0/2) D:9           Sewer (visited)

Altars:
Ashenzari
Cheibriados
Dithmenos
Gozag
Hepliaklqana
Kikubaaqudgha
Makhleb
Okawaru
Qazlal
Ru
Sif Muna
Trog
Uskayaw
Vehumet
Wu Jian
Xom

Shops:
D:3 *

Portals:
Bailey: D:8

Annotations:
D:8 exclusion: ice statue
D:9 Erolcha


Innate Abilities, Weirdness & Mutations

You have claws for hands.
You have large cloven feet.
You have a pair of small horns on your head.
You may rarely emit foul miasma when damaged in melee.
You are mostly covered in sharp spines.


Message History

You are cast into the Abyss!
This branch contains the abyssal rune of Zot.
Your +10 hand axe of Harmony {spect, *Rage rN+ Will+ Int+2} fades away.
Reactivating autopickup.
HP restored.
Found a gateway leading deeper into the Abyss.
There is a gateway leading deeper into the Abyss here.
You plunge deeper into the Abyss.
The abyssal rune of Zot can be found at this depth.
The abyssal matter surrounding you shimmers strangely.
You detect the abyssal rune!
Found a corrupted altar of Lugonu.
There is a corrupted altar of Lugonu here.
Found a corrupted altar of Lugonu.
A lich bursts from nowhere.
A vampire comes into view.
The lich points at you and mumbles some strange words.
The bolt of cold hits you!!!
Ouch! That really hurt!
* * * LOW HITPOINT WARNING * * *
You feel much better.
The abyss shimmers again as the detected abyssal rune vanishes from your memory.
The lich casts a spell.
The lich seems to speed up.
The lich launches a ball of destructive magic.
An orb of destruction comes into view.
The orb of destruction hits a rock wall.
The lich gestures at you while chanting.
The bolt of cold misses you.
An ufetubus comes into view.
The lich points at you and mumbles some strange words.
The bolt of cold hits you!!!
Ouch! That really hurt!
* * * LOW HITPOINT WARNING * * *
The lich casts a spell at you. The bolt of cold misses you.
A wretched star comes into view.
The lich conjures a glowing orb.
The wavering orb of destruction weakly hits you!!
You die...

........ ##...###
### # #
........##..#....
.. .. ......
#...# ###..... ..
..... #.# #
##.... . #..##.#
. ... #...## ..
#...# .
##.L#####....
#...@.....#
.......##..###
...*###.# ..#
.... ... .... ...
#... .#... ..
#... .......
#...... .... #.#
.. #...


You could see a lich (fast) and a wretched star.

Vanquished Creatures
  A two-headed ogre (D:9)
  A hornet (D:7)
  Sigmund (D:2)
  A water moccasin (D:8)
  3 orc warriors
  An ice beast (D:6)
  A sky beast (D:8)
  A black bear (D:6)
  An ogre (D:6)
  3 centaurs
  3 phantoms
  2 kobold brigands (D:7)
  5 bullfrogs
  A gnoll sergeant (D:9)
  3 scorpions
  5 wights (D:8)
  3 killer bees (D:7)
  3 howler monkeys
  A hound (D:6)
  2 orc priests
  A jelly (D:8)
  2 gnoll boudas
  3 sleepcaps
  Natasha (thrice) (D:4)
  5 orc wizards
  18 gnolls
  15 adders
  2 river rats (Sewer)
  2 white imps
  2 ufetubi
  A worm (D:4)
  A dart slug (D:1)
  24 orcs
  2 endoplasms
  7 giant cockroaches
  6 goblins
  6 hobgoblins
  4 quokkas
  17 ball pythons
  3 bats
  8 frilled lizards
  11 kobolds
  28 rats
213 creatures vanquished.

Notes
Turn   | Place    | Note
-------+----------+-------------------------------------------
     0 | D:1      | jtron the Demonspawn Brigand began the quest for the Orb.
     0 | D:1      | Reached XP level 1. HP: 16/16 MP: 1/1
   372 | D:1      | Discovered your monstrous ancestry.
   372 | D:1      | Gained mutation: You have a pair of small horns on your
                  | head. [demonic ancestry]
   372 | D:1      | Reached XP level 2. HP: 22/22 MP: 2/2
   449 | D:1      | Found a faded altar of an unknown god.
   961 | D:2      | Noticed Sigmund
   970 | D:1      | Reached skill level 1 in Dodging
  1020 | D:2      | Killed Sigmund
  1021 | D:2      | Reached skill level 5 in Stealth
  1021 | D:2      | Gained mutation: You have sharp fingernails. [demonic
                  | ancestry]
  1021 | D:2      | Reached XP level 3. HP: 21/28 MP: 3/3
  1021 | D:2      | Gained mutation: You have very sharp fingernails. [demonic
                  | ancestry]
  1021 | D:2      | Reached XP level 4. HP: 25/34 MP: 4/4
  1021 | D:2      | Gained mutation: You have claws for hands. [demonic
                  | ancestry]
  1021 | D:2      | Reached XP level 5. HP: 29/39 MP: 5/5
  1655 | D:3      | Identified the +10 hand axe of Harmony {spect, *Rage rN+
                  | Will+ Int+2}
  1837 | D:3      | Found Hoorauss's General Store.
  1999 | D:3      | Found a glowing drain.
  2077 | Sewer    | Entered a sewer
  2139 | Sewer    | Gained mutation: You are partially covered in sharp spines.
                  | [demonic ancestry]
  2139 | Sewer    | Reached XP level 6. HP: 46/46 MP: 6/6
  2262 | Sewer    | Reached skill level 1 in Axes
  2322 | Sewer    | Reached skill level 2 in Axes
  2424 | D:4      | Noticed Natasha
  2429 | D:4      | Killed Natasha
  2476 | D:4      | Gained mutation: You may rarely emit foul miasma when
                  | damaged in melee. [demonic ancestry]
  2476 | D:4      | Reached XP level 7. HP: 52/52 MP: 7/7
  2502 | D:4      | Reached skill level 3 in Axes
  2867 | D:4      | Noticed Natasha
  2886 | D:4      | Killed Natasha
  2927 | D:4      | Noticed Natasha
  3015 | D:4      | Killed Natasha
  3037 | D:5      | Entered Level 5 of the Dungeon
  3097 | D:5      | Reached skill level 4 in Axes
  3366 | D:5      | Gained mutation: You are mostly covered in sharp spines.
                  | [demonic ancestry]
  3366 | D:5      | Reached XP level 8. HP: 57/60 MP: 8/8
  3829 | D:6      | Reached skill level 5 in Axes
  3989 | D:6      | Reached skill level 5 in Dodging
  3998 | D:6      | Found a staircase to the Ecumenical Temple.
  4004 | Temple   | Entered the Ecumenical Temple
  4103 | Temple   | Became a worshipper of Makhleb the Destroyer
  4198 | D:6      | Found an ancient bone altar of Kikubaaqudgha.
  4316 | D:6      | Found a stormy altar of Qazlal.
  4317 | D:6      | Found a broken altar of Ashenzari.
  4330 | D:6      | Found a radiant altar of Vehumet.
  4486 | D:7      | Reached skill level 6 in Axes
  4782 | D:7      | Gained mutation: You have large cloven feet. [demonic
                  | ancestry]
  4782 | D:7      | Reached XP level 9. HP: 67/67 MP: 9/9
  4871 | D:7      | Reached skill level 5 in Fighting
  5073 | D:8      | Identified the +4 leather armour of Ohoneso {Harm Regen+
                  | Str+6 Stlth-}
  5076 | D:8      | Reached * piety under Makhleb
  5099 | D:8      | Reached skill level 7 in Axes
  5101 | D:8      | Reached skill level 1 in Evocations
  5509 | D:8      | Noticed an ice statue
  5520 | D:8      | Found a flagged portal.
  5730 | D:9      | Found a staircase to the Orcish Mines.
  5733 | D:9      | Reached skill level 8 in Axes
  5735 | D:9      | Reached ** piety under Makhleb
  5797 | D:9      | Identified the +1 robe "Reicsor" {rPois Int+4 Dex+3}
  5937 | D:9      | Found a staircase to the Lair.
  5999 | D:9      | Noticed a two-headed ogre
  6025 | D:9      | Noticed Erolcha
  6031 | D:9      | Killed a two-headed ogre
  6032 | D:9      | Reached skill level 1 in Armour
  6032 | D:9      | Reached XP level 10. HP: 63/76 MP: 10/10
  6033 | Abyss:2  | Cast into level 2 of the Abyss (Erolcha)
  6066 | Abyss:3  | Found a corrupted altar of Lugonu.
  6080 | Abyss:3  | Found a corrupted altar of Lugonu.
  6103 | Abyss:3  | Noticed a lich
  6133 | Abyss:3  | Noticed a wretched star
  6133 | Abyss:3  | Blown up by a lich

Illustrated notes

Levels and vault maps discovered:
D:1:      sevenhm_arrival_forest_fort_large_4, layout_loops_cross,
          nicolae_ecumenical_snake_handling
D:2:      layout_rooms, uniq_sigmund
D:3:      layout_basic, serial_shops, nicolae_shop_stone, gup_sewer_entry_glass,
          minivault_23, item_on_display_a
D:4:      layout_cave_pools, uniq_natasha
D:5:      layout_cave_pools
D:6:      layout_rooms, gammafunk_temple_overflow_forgotten,
          mainiacjoe_overflow_surrounded_room, minmay_temple_entry_fiery,
          minmay_misc_feat_chi
D:7:      layout_gridville
D:8:      lemuel_ice_statue, layout_layer_cave, serial_glass, glass_columns_a,
          glass_columns_b, enter_bailey_8
D:9:      layout_basic, grunt_temple_overflow_diamond, lair_entry_dummy,
          david_orc_2, uniq_erolcha, uniq_pikel
Temple:   zaba_magenta_temple
Abyss:3:  base: D:6, hangedman_cross_veins, spicy_pingpong_abyss_rune,
          evilmike_abyss_exit_14

Skill      XL: |  1  2  3  4  5  6  7  8  9 |
---------------+----------------------------+-----
Stealth        | 4 5 |  5.2
Dodging        | 1 2 3 4 5 6 |  6.5
Short Blades   | 2 3 |  3.1
Throwing       | 2 3 |  3.2
Fighting       | 3 4 5 |  5.9
Axes           | 2 4 6 8 |  8.7
Evocations     | 1 |  1.8
Armour         | 1 |  1.2
Invocations    | |  0.2

Action                     |  1- 3 |  4- 6 |  7- 9 | 10-12 || total
---------------------------+-------+-------+-------+-------++-------
  Melee: Dagger            |    69 |    32 |       |       ||   101
         Headbutt          |     8 |    10 |    24 |     1 ||    43
         Punch             |     2 |     1 |     4 |       ||     7
         Hand axe          |       |    55 |   131 |     2 ||   188
  Throw: Dart              |     2 |       |     9 |       ||    11
 Invoke: Minor Destruction |       |       |     1 |       ||     1
  Evoke: Wand              |       |       |     2 |       ||     2
    Use: Potion            |     1 |       |     3 |     1 ||     5
         Scroll            |       |    13 |    12 |       ||    25
   Stab: Sleeping          |     7 |     8 |     6 |       ||    21
         Distracted        |       |       |     3 |       ||     3
 Armour: Robe              |    11 |    17 |    15 |       ||    43
         Leather armour    |       |       |    11 |       ||    11
  Dodge: Dodged            |    35 |    58 |    89 |     2 ||   184

Table legend: (Time is in decaauts)
 A = Elapsed time spent in this place.
 B = Non-inter-level travel time spent in this place.
 C = Inter-level travel time spent in this place.
 D = Time resting spent in this place.
 E = Time spent auto-exploring this place.
 F = Levels seen in this place.
 G = Mean time per level.
                   A        B        C        D        E       F      G
               +--------+--------+--------+--------+--------+-----+--------+
         Total |   6430 |   6121 |    309 |    441 |   4344 |  13 |  494.6 |
       Dungeon |   5857 |   5562 |    295 |    396 |   4050 |   9 |  650.8 |
        Temple |    121 |    107 |     14 |      0 |     68 |   1 |  121.0 |
         Abyss |     99 |     99 |      0 |      0 |     57 |   2 |   49.5 |
         Sewer |    352 |    352 |      0 |     45 |    169 |   1 |  352.0 |
               +--------+--------+--------+--------+--------+-----+--------+

Top non-repeatable levels by time:
     D:1: 964 daAuts
     D:4: 802 daAuts
     D:7: 790 daAuts
     D:3: 641 daAuts
     D:8: 637 daAuts
     D:5: 635 daAuts
     D:2: 554 daAuts
     D:6: 485 daAuts
   Sewer: 352 daAuts
     D:9: 344 daAuts
  Temple: 121 daAuts
 Abyss:3: 72 daAuts
 Abyss:2: 26 daAuts
